 Dungeon Crawl Stone Soup version 0.13-a0-1673-gf59dc81 (console) character file.

1189 vogonpoet the Frost Mage (level 7, -13/50 HPs)
             Began as a Black Draconian Ice Elementalist on June 20, 2013.
             Mangled by Voker57's ghost (17 damage)
             ... on Level 6 of the Dungeon.
             The game lasted 00:26:00 (6062 turns).

vogonpoet the Frost Mage (DrIE)                     Turns: 6062, Time: 00:26:00

HP -13/50        AC 10     Str 11      XL: 7   Next: 92%
MP   8/12        EV 12     Int 17      God:
Gold 229         SH  0     Dex 11      Spells:  3 memorised,  2 levels left

Res.Fire  : . . .   See Invis. : +   k - +0,+1 sling
Res.Cold  : . . .   Warding    : .   (armour unavailable)
Life Prot.: . . .   Conserve   : .   (no shield)
Res.Poison: .       Res.Corr.  : .   (helmet restricted)
Res.Elec. : +       Clarity    : .   (no cloak)
Sust.Abil.: . .     Spirit.Shd : .   O - +1 pair of gloves
Res.Mut.  : +       Stasis     : .   A - +1 pair of boots
Res.Rott. : .       Flight     : .   G - amulet of resist mutation
Saprovore : . . .                    (no ring)
                                     x - ring of see invisible

@: liquid flames, glowing, slightly resistant to hostile enchantments, very
unstealthy
A: breathe lightning, unfitting armour, electricity resistance, AC +6
a: Breathe Lightning


You were on level 6 of the Dungeon.
You were not hungry.

You visited 1 branch of the dungeon, and saw 6 of its levels.

You collected 245 gold pieces.
You spent 36 gold pieces at shops.

Inventory:

Hand weapons
 d - a +0,+0 short sword
 k - a +0,+1 sling (weapon)
 o - a +2,+1 dwarven short sword
 H - a +0,+0 quarterstaff
 J - a +1,+0 bow of flame
 L - a -1,+3 orcish dagger
Missiles
 f - 67 stones
 j - 37 darts
 p - 3 darts of flame
 q - 38 poisoned needles
 u - 2 arrows
 y - 2 poisoned darts
 C - 20 sling bullets (quivered)
Armour
 A - a +1 pair of boots (worn)
 O - a +1 pair of gloves (worn)
Comestibles
 c - 7 bread rations
 l - 4 meat rations
 t - 3 apples
 v - an apricot
 I - a choko
 P - a chunk of hound flesh
Scrolls
 a - a scroll of remove curse {unknown}
 i - a scroll of random uselessness {unknown}
 n - a scroll of curse weapon {unknown}
 s - a scroll of identify
 w - a scroll of fear {unknown}
 z - a scroll of recharging {unknown}
 B - a scroll of blinking {unknown}
 D - a scroll of amnesia {unknown}
 K - a scroll of curse jewellery {unknown}
Jewellery
 x - a ring of see invisible (left hand)
 G - an amulet of resist mutation (around neck)
Potions
 e - a potion of speed {unknown}
 h - 10 potions of curing
 r - a potion of brilliance {unknown}
 E - a potion of agility {unknown}
 F - 2 potions of degeneration {unknown}
 M - a potion of heal wounds {unknown}
Books
 b - a book of Frost

   Spells                             Type                      Level
   *Freeze                            Ice                          1
   Throw Frost                        Conjuration/Ice              2
   *Ozocubu's Armour                  Charms/Ice                   3
   *Throw Icicle                      Conjuration/Ice              4
   Summon Ice Beast                   Ice/Summoning                4
   Condensation Shield                Ice                          4


   Skills:
 - Level 1.7 Dodging
 - Level 1.7 Stealth
 + Level 2.2 Spellcasting
 - Level 4.0 Conjurations
 - Level 8.2 Ice Magic


You had 2 spell levels left.
You knew the following spells:

 Your Spells              Type           Power        Failure   Level  Hunger
a - Freeze                Ice            ####         1%          1    #......
b - Ozocubu's Armour      Chrm/Ice       ###.......   12%         3    ####...
c - Throw Icicle          Conj/Ice       ###.....     17%         4    #####..


Dungeon Overview and Level Annotations

Branches:
Dungeon (6/27)
 Temple: D:4-7          Orc: D:6-11

Altars:
Fedhas

Shops:
D:6: [

Annotations
D:2 Sigmund
D:3 Crazy Yiuf
D:6 Voker57's ghost, experienced LOFE


Innate Abilities, Weirdness & Mutations

You can breathe wild blasts of lightning.
Your glossy black scales are hard (AC +6).
Your body does not fit into most forms of armour.
Your cold-blooded metabolism reacts poorly to cold.
You are resistant to electric shocks.


Message History

Aim: Voker57's ghost (lightly damaged)
You freeze Voker57's ghost.
Voker57's ghost resists.
Voker57's ghost is lightly damaged.
You are covered in liquid flames!
One of your 2 scrolls labeled QUUZXIU RANG catches fire!
One of your 3 scrolls labeled LUXETU BYUMAN catches fire!
Voker57's ghost sprays you with burning goo.
The sticky flame hits you!
You are covered in liquid flames!
One of your 2 scrolls of identify catches fire!
You are covered in liquid flames!
One of your 2 scrolls labeled GRIJYH CLODOJU catches fire!
* * * LOW HITPOINT WARNING * * *
There is a stone staircase leading up here.
You are covered in liquid flames!
Your scroll labeled OHYEVY ZYA catches fire!
One of your 2 scrolls labeled LUXETU BYUMAN catches fire!
* * * LOW HITPOINT WARNING * * *
Voker57's ghost hits you!
You die...

#.......#
#..(....#
#.......#
#^......#
##<......#
#⌠.⌠.....#
#.∩......#
#⌠.⌠p..[.#
##..@....#
#.......#
#########


You could see Voker57's ghost.

Vanquished Creatures
  A centaur (D:5)
  The ghost of Illaniel the Charmwright, a weakling HESk (D:4)
  2 crimson imps
  An ogre skeleton (D:4)
  2 hounds
  3 orc priests
  4 worker ants
  2 iguanas
  6 orc wizards
  2 scorpions
  Ijyb (D:3)
  A jelly (D:5)
  5 adders
  3 gnolls
  An inept feature mimic (D:3)
  2 giant mites (D:5)
  A worm (D:2)
  A bat skeleton (D:4)
  3 giant geckos
  20 orcs
  9 bats
  4 giant cockroaches
  10 hobgoblins
  6 jackals
  12 kobolds
  4 giant newts
  9 goblins
  An orc skeleton (D:4)
  12 rats
129 creatures vanquished.

Vanquished Creatures (others)
  2 orcs
  A jackal (D:1)
3 creatures vanquished.

Grand Total: 132 creatures vanquished

Notes
Turn   | Place    | Note
--------------------------------------------------------------
     0 | D:1      | vogonpoet, the Draconian Ice Elementalist, began the quest for the Orb.
     0 | D:1      | Reached XP level 1. HP: 14/14 MP: 3/3
   696 | D:1      | Reached XP level 2. HP: 18/20 MP: 4/4
  1143 | D:1      | Reached skill level 4 in Ice Magic
  1225 | D:1      | Reached XP level 3. HP: 19/26 MP: 0/5
  1347 | D:1      | Reached XP level 4. HP: 22/33 MP: 5/7
  1349 | D:1      | Reached skill level 5 in Ice Magic
  1414 | D:2      | Found a blossoming altar of Fedhas.
  1659 | D:2      | Learned a level 3 spell: Ozocubu's Armour
  1736 | D:2      | Noticed Sigmund
  2389 | D:3      | Noticed Ijyb
  2469 | D:3      | Killed Ijyb
  2469 | D:3      | Reached XP level 5. HP: 38/38 MP: 3/8
  2994 | D:3      | Noticed Crazy Yiuf
  3053 | D:4      | Reached skill level 6 in Ice Magic
  3370 | D:4      | Noticed Illaniel's ghost (weakling HESk)
  3380 | D:4      | Killed Illaniel's ghost
  3380 | D:4      | Reached XP level 6. HP: 45/45 MP: 5/9
  3410 | D:4      | Reached skill level 7 in Ice Magic
  3985 | D:4      | Reached skill level 8 in Ice Magic
  3985 | D:4      | Your scales start taking on a glossy black colour.
  3985 | D:4      | Gained mutation: You are resistant to electric shocks. [draconian maturity]
  3985 | D:4      | Reached XP level 7. HP: 48/50 MP: 1/10
  4083 | D:5      | Entered Level 5 of the Dungeon
  4197 | D:5      | Learned a level 4 spell: Throw Icicle
  5675 | D:6      | Found Deellot's Antique Armour Emporium.
  5765 | D:6      | Bought a pair of gloves for 36 gold pieces
  5803 | D:6      | Noticed Voker57's ghost (experienced LOFE)
  6062 | D:6      | Mangled by Voker57's ghost

Action                   |  1- 3 |  4- 6 |  7- 9 || total
-------------------------+-------+-------+-------++-------
Melee: Short sword       |     2 |       |       ||     2
 Fire: Sling             |    43 |   154 |    59 ||   256
       Bow               |       |       |     3 ||     3
Throw: Dart              |     3 |       |       ||     3
 Cast: Freeze            |    25 |    95 |    74 ||   194
       Ozocubu's Armour  |       |     1 |       ||     1
       Throw Icicle      |       |       |     1 ||     1
  Use: Scroll            |       |       |     4 ||     4
       Potion            |       |       |     1 ||     1
